 Dungeon Crawl Stone Soup version 0.20.0-9-g8272e65 (webtiles) character file.

165 Kosschaser the Chopper (level 5, -1/47 HPs)
             Began as a Hill Orc Berserker on June 3, 2017.
             Was a Believer of Trog.
             Slain by Grinder (6 damage)
             ... on level 3 of the Dungeon.
             The game lasted 00:04:33 (2044 turns).

Kosschaser the Chopper (Hill Orc Berserker)         Turns: 2044, Time: 00:04:34

Health: -1/47      AC: 12    Str: 26    XL:     5   Next: 46%
Magic:  0/14       EV:  7    Int:  7    God:    Trog [**....]
Gold:   117        SH:  0    Dex: 10    Spells: 4/4 levels left

rFire    . . .     SeeInvis .   b - +0 war axe
rCold    . . .     Gourm    .   (no shield)
rNeg     . . .     Faith    .   o - +0 plate armour (curse)
rPois    .         Spirit   +   (no helmet)
rElec    .         Reflect  .   (no cloak)
rCorr    .         Harm     .   p - +0 pair of gloves (curse)
MR       ++...                  (no boots)
Stlth    ..........             u - amulet of guardian spirit
Regen    1.2/turn               i - ring of magical power
MPRegen  0.2/turn               s - +5 ring of strength

@: regenerating, drained
A: no striking features
a: Berserk, Trog's Hand, Burn Spellbooks, Renounce Religion


You were on level 3 of the Dungeon.
You worshipped Trog.
Trog was pleased with you.
You were very hungry.

You visited 1 branch of the dungeon, and saw 3 of its levels.

You collected 117 gold pieces.

Inventory:

Hand Weapons
 b - a +0 war axe (weapon)
Armour
 o - a cursed +0 plate armour (worn)
 p - a cursed +0 pair of gloves (worn)
Jewellery
 i - a ring of magical power (left hand)
 s - a +5 ring of strength (right hand)
 u - an amulet of guardian spirit (around neck)
Scrolls
 a - a scroll of teleportation {unknown}
 e - a scroll of enchant armour {unknown}
 k - a scroll of fog {unknown}
 l - a scroll of recharging {unknown}
 m - a scroll of enchant weapon {unknown}
 n - a scroll of fear {unknown}
 r - 3 scrolls of identify {unknown}
Potions
 d - a potion of magic {unknown}
 h - 3 potions of curing {unknown}
 j - 2 potions of heal wounds {unknown}
 q - 2 potions of haste {unknown}
 t - 2 potions of invisibility
Comestibles
 c - 2 bread rations
 f - 2 meat rations
 g - a fruit
 v - 4 chunks of flesh


   Skills:
 + Level 4.3(3.9) Fighting
 + Level 6.6(6.2) Axes
 + Level 2.5(2.2) Armour
 + Level 2.2(1.9) Dodging


You had 4 spell levels left.
You didn't know any spells.

Dungeon Overview and Level Annotations

Branches:
Dungeon (3/15)

Altars:
Hepliaklqana
Vehumet
The Shining One

Annotations:
D:3 Grinder


Message History

Grinder is heavily wounded.
Grinder hits you.
* * * LOW HITPOINT WARNING * * *
You writhe in agony.
Your skin crawls.
You feel resistant to hostile enchantments.
You are feeling very hungry.
Grinder barely misses you.
You closely miss Grinder.
Grinder is heavily wounded.
Grinder hits you.
* * * LOW HITPOINT WARNING * * *
You writhe in agony.
* * * LOW HITPOINT WARNING * * *
You hit Grinder but do no damage.
Grinder is heavily wounded.
Grinder hits you.
* * * LOW HITPOINT WARNING * * *
You writhe in agony.
You die...

#.......# ... #.......# # ..
... ###.).....###.#.. ####.....
..........##..#..####........
###......... .........##..... #
#<......## ##.##.........##
###......... #<.............. .
.##.......## #........##### .#
..#.......# #..@.....#...##...
#..###.##.#####5#####.†.......
##...............####.....###.#
##..............##.........>.#
###...............###.).###.#
##..............######...###..
##...............## #..........
#.................###.......#..
..#.............)...........#..


You could see Grinder.

Vanquished Creatures
  The ghost of Zaque the Stinger, a weakling NaVM (D:3)
  6 adders
  2 dart slugs (D:1)
  A leopard gecko (D:1)
  3 orcs (D:3)
  2 ball pythons
  2 giant cockroaches
  12 goblins
  6 hobgoblins
  4 jackals (D:1)
  5 kobolds (D:2)
  A quokka (D:2)
  3 bats (D:1)
  4 frilled lizards
  10 rats
62 creatures vanquished.

Notes
Turn   | Place    | Note
-------+----------+-------------------------------------------
     0 | D:1      | Kosschaser the Hill Orc Berserker began the quest for the Orb.
     0 | D:1      | Reached XP level 1. HP: 19/19 MP: 1/1
    56 | D:1      | Reached XP level 2. HP: 22/27 MP: 2/2
   537 | D:1      | Reached XP level 3. HP: 30/33 MP: 3/3
   546 | D:1      | Reached ** piety under Trog
   871 | D:2      | Reached skill level 5 in Axes
  1205 | D:2      | Found a faded altar of an unknown god.
  1298 | D:2      | Reached XP level 4. HP: 40/40 MP: 4/4
  1371 | D:2      | Found a radiant altar of Vehumet.
  1501 | D:2      | Found a hazy altar of Hepliaklqana.
  1906 | D:3      | Found a glowing golden altar of the Shining One.
  1940 | D:3      | Reached skill level 6 in Axes
  1967 | D:3      | Reached XP level 5. HP: 44/46 MP: 1/5
  1994 | D:3      | Noticed Zaque's ghost (weakling NaVM)
  1995 | D:3      | Noticed Grinder
  2001 | D:3      | Killed Zaque's ghost
  2044 | D:3      | Slain by Grinder

Skill      XL: |  1  2  3  4 |
---------------+-------------+-----
Axes           | 5 6 |  6.6
Fighting       | 4 |  4.3
Dodging        | 2 |  2.2
Armour         | |  2.5

Action                   |  1- 3 |  4- 6 || total
-------------------------+-------+-------++-------
Melee: Hand axe          |   110 |       ||   110
       War axe           |     1 |    83 ||    84
Invok: Berserk           |       |     1 ||     1
       Trog's Hand       |       |     1 ||     1
  Eat: Chunk             |     1 |     3 ||     4
Armor: Animal skin       |    22 |       ||    22
       Plate armour      |     3 |    69 ||    72
Dodge: Dodged            |    77 |    23 ||   100
